MLB
CAROLINA CATAMOUNTS @ OTTAWA LYNX
06/08/2042
 
TOP OF THE 1ST
Carolina Catamounts batting - Pitching for Ottawa Lynx : RHP Mike Armstrong
Pitching: RHP Mike Armstrong
Batting: RHB Mike Harrison 0-0: Ball
1-0: Foul Ball, location: 5SF
1-1: Ball
2-1: Called Strike
2-2: Fly out, F9 (Flyball, 9, EV 92.5 MPH)
Batting: LHB Orlando Hernández 0-0: Called Strike
0-1: DOUBLE (Flyball, 78XD, EV 96.3 MPH)
Batting: RHB Dani Madrigal 0-0: Called Strike
0-1: Fly out, F8 (Line Drive, 8RM, EV 93.1 MPH)
Batting: LHB Jesús Cantú 0-0: DOUBLE (Flyball, 78XD, EV 110.6 MPH)
Orlando Hernández scores
Batting: RHB Rex Boone 0-0: Called Strike
0-1: Ball
1-1: Swinging Strike
1-2: Foul Ball, location: 2F
1-2: Strikes out swinging
Top of the 1st over - 1 run, 2 hits, 0 errors, 1 left on base; Carolina 1 - Ottawa 0
BOTTOM OF THE 1ST
Ottawa Lynx batting - Pitching for Carolina Catamounts : RHP Juan Vargas
Pitching: RHP Juan Vargas
Batting: LHB Sergio Martínez 0-0: Ball
1-0: Swinging Strike
1-1: Ball
2-1: Swinging Strike
2-2: Strikes out looking
Batting: RHB Pat Harris 0-0: Called Strike
0-1: SOLO HOME RUN (Flyball, 89XD, EV 108.1 MPH), Distance : 400 ft
Batting: LHB Dan Chipman 0-0: Ball
1-0: Called Strike
1-1: Foul Ball, location: 3FF
1-2: Strikes out swinging
Batting: LHB Ed Harris 0-0: Fly out, F9 (Flyball, 89S, EV 98.8 MPH)
Bottom of the 1st over - 1 run, 1 hit, 0 errors, 0 left on base; Carolina 1 - Ottawa 1
TOP OF THE 2ND
Carolina Catamounts batting - Pitching for Ottawa Lynx : RHP Mike Armstrong
Batting: RHB Ken Ransley 0-0: Called Strike
0-1: Ball
1-1: Ball
2-1: Ball
3-1: Foul Ball, location: 9LSF
3-2: Foul Ball, location: 3SF
3-2: Fly out, F7 (Flyball, 7S, EV 81.9 MPH)
Batting: RHB Leo Myers 0-0: SINGLE (Groundball, 13, EV 66.9 MPH) (infield hit)
Batting: LHB Juan Flores 0-0: Ball
1-0: Called Strike
1-1: Swinging Strike
1-2: Strikes out swinging
Batting: RHB José Romero 0-0: Called Strike
0-1: Called Strike
0-2: Ball
1-2: Fielders Choice at 2nd, 5-4 (Groundball, 56, EV 82.5 MPH)
Top of the 2nd over - 0 runs, 1 hit, 0 errors, 1 left on base; Carolina 1 - Ottawa 1
BOTTOM OF THE 2ND
Ottawa Lynx batting - Pitching for Carolina Catamounts : RHP Juan Vargas
Batting: RHB Rikiya Honda 0-0: Called Strike
0-1: Ball
1-1: Ball
2-1: Ball
3-1: Called Strike
3-2: Strikes out looking
Batting: LHB Mike Hyde 0-0: Ball
1-0: Swinging Strike
1-1: Fly out, F8 (Flyball, 8RD, EV 109.4 MPH)
Batting: RHB Sam Campbell 0-0: Called Strike
0-1: Ball
1-1: Foul Ball, location: 3SF
1-2: Foul Ball, location: 5DF
1-2: SINGLE (Groundball, 56D, EV 101.9 MPH)
Batting: LHB Bob Lester 0-0: Called Strike
0-1: Swinging Strike
0-2: Strikes out swinging
Bottom of the 2nd over - 0 runs, 1 hit, 0 errors, 1 left on base; Carolina 1 - Ottawa 1
TOP OF THE 3RD
Carolina Catamounts batting - Pitching for Ottawa Lynx : RHP Mike Armstrong
Batting: RHB Mike Harrison 0-0: Ball
1-0: Ball
2-0: Fly out, F7 (Flyball, 7, EV 92.5 MPH)
Batting: LHB Orlando Hernández 0-0: Called Strike
0-1: SINGLE (Groundball, 4D, EV 98.1 MPH)
Batting: RHB Dani Madrigal 0-0: Grounds into double play, 4-6-3 (Groundball, 34, EV 91.9 MPH)
Top of the 3rd over - 0 runs, 1 hit, 0 errors, 0 left on base; Carolina 1 - Ottawa 1
BOTTOM OF THE 3RD
Ottawa Lynx batting - Pitching for Carolina Catamounts : RHP Juan Vargas
Batting: LHB Marc Richardson 0-0: Ball
1-0: Foul Ball, location: 23F
1-1: Ball
2-1: Fly out, F7 (Flyball, 7S, EV 90.6 MPH)
Batting: LHB Sergio Martínez 0-0: Ball
1-0: Foul Ball, location: 2F
1-1: Ground out 5-3 (Groundball, 15, EV 92.5 MPH)
Batting: RHB Pat Harris 0-0: Ball
1-0: Ball
2-0: Foul Ball, location: 3SF
2-1: Foul Ball, location: 25FF
2-2: Ball
3-2: Strikes out swinging
Bottom of the 3rd over - 0 runs, 0 hits, 0 errors, 0 left on base; Carolina 1 - Ottawa 1
TOP OF THE 4TH
Carolina Catamounts batting - Pitching for Ottawa Lynx : RHP Mike Armstrong
Batting: LHB Jesús Cantú 0-0: Ball
1-0: Ball
2-0: Ball
3-0: Called Strike
3-1: Fly out, F8 (Flyball, 78S, EV 86.9 MPH)
Batting: RHB Rex Boone 0-0: SINGLE (Line Drive, 7S, EV 96.3 MPH)
Batting: RHB Ken Ransley 0-0: Ball
Rex Boone steals 2nd base (no throw)
1-0: Intentional Walk
Batting: RHB Leo Myers 0-0: Ball
1-0: Grounds into double play, 6-4-3 (Groundball, 6, EV 87.5 MPH)
Top of the 4th over - 0 runs, 1 hit, 0 errors, 1 left on base; Carolina 1 - Ottawa 1
BOTTOM OF THE 4TH
Ottawa Lynx batting - Pitching for Carolina Catamounts : RHP Juan Vargas
Batting: LHB Dan Chipman 0-0: Ball
1-0: Ball
2-0: Ball
3-0: Ground out 4-3 (Groundball, 34, EV 82.5 MPH)
Batting: LHB Ed Harris 0-0: Swinging Strike
0-1: Ball
1-1: Ball
2-1: Swinging Strike
2-2: Ball
3-2: Foul Ball, location: 3F
3-2: SINGLE (Groundball, 4MD, EV 103.1 MPH)
Batting: RHB Rikiya Honda 0-0: Called Strike
0-1: Ball
1-1: Ball
2-1: Ball
3-1: Base on Balls
Ed Harris to second
Batting: LHB Mike Hyde 0-0: Ball
1-0: SINGLE (Groundball, 6M, EV 100.6 MPH)
Ed Harris to third
Rikiya Honda to second
Runner from 3rd tries for Home, SAFE, throw by CF to home
Batting: RHB Sam Campbell 0-0: Called Strike
0-1: Ball
1-1: Grounds out, U3 (Groundball, 3L, EV 83.8 MPH)
Rikiya Honda to third
Batting: LHB Bob Lester 0-0: Ball
1-0: Ball
2-0: Foul Ball, location: 2F
2-1: SINGLE (Line Drive, 89M, EV 102.5 MPH)
Rikiya Honda scores
Mike Hyde to third
Runner from 3rd tries for Home, throw by RF and OUT! 9-2
Bottom of the 4th over - 2 runs, 3 hits, 0 errors, 1 left on base; Carolina 1 - Ottawa 3
TOP OF THE 5TH
Carolina Catamounts batting - Pitching for Ottawa Lynx : RHP Mike Armstrong
Batting: LHB Juan Flores 0-0: Called Strike
0-1: DOUBLE (Line Drive, 78D, EV 103.1 MPH)
Batting: RHB José Romero 0-0: Called Strike
0-1: Ball
1-1: Swinging Strike
1-2: Strikes out swinging
Batting: RHB Mike Harrison 0-0: Ball
1-0: Ground out 6-3 (Groundball, 6M, EV 83.8 MPH)
Batting: LHB Orlando Hernández 0-0: Ball
1-0: Foul Ball, location: 9LSF
1-1: Called Strike
1-2: Foul Ball, location: 2F
1-2: Strikes out swinging
Top of the 5th over - 0 runs, 1 hit, 0 errors, 1 left on base; Carolina 1 - Ottawa 3
BOTTOM OF THE 5TH
Ottawa Lynx batting - Pitching for Carolina Catamounts : RHP Juan Vargas
Batting: LHB Marc Richardson 0-0: Called Strike
0-1: Called Strike
0-2: Strikes out looking
Batting: LHB Sergio Martínez 0-0: Swinging Strike
0-1: Ground out 4-3 (Groundball, 4D, EV 102.5 MPH)
Batting: RHB Pat Harris 0-0: Ground out 5-3 (Groundball, 5, EV 79.4 MPH)
Bottom of the 5th over - 0 runs, 0 hits, 0 errors, 0 left on base; Carolina 1 - Ottawa 3
TOP OF THE 6TH
Carolina Catamounts batting - Pitching for Ottawa Lynx : RHP Mike Armstrong
Batting: RHB Dani Madrigal 0-0: Foul Ball, location: 5F
0-1: Foul Ball, location: 9LDF
0-2: Strikes out swinging
Batting: LHB Jesús Cantú 0-0: Ball
1-0: Fly out, F7 (Flyball, 7D, EV 111.9 MPH)
Batting: RHB Rex Boone 0-0: Ball
1-0: Swinging Strike
1-1: Called Strike
1-2: Strikes out swinging
Top of the 6th over - 0 runs, 0 hits, 0 errors, 0 left on base; Carolina 1 - Ottawa 3
BOTTOM OF THE 6TH
Ottawa Lynx batting - Pitching for Carolina Catamounts : RHP Juan Vargas
Batting: LHB Dan Chipman 0-0: Called Strike
0-1: Ground out U3 (Groundball, 34S, EV 89.4 MPH)
Batting: LHB Ed Harris 0-0: Ball
1-0: Called Strike
1-1: Ground out 4-3 (Groundball, 34D, EV 91.3 MPH)
Batting: RHB Rikiya Honda 0-0: SINGLE (Line Drive, 4M, EV 103.8 MPH)
Batting: LHB Mike Hyde 0-0: Called Strike
0-1: SINGLE (Groundball, 6MS, EV 93.8 MPH) (infield hit)
Rikiya Honda to second
Batting: RHB Sam Campbell 0-0: Foul Ball, location: 7LDF
0-1: Ball
1-1: Ground out U3 (Groundball, 34S, EV 68.1 MPH)
Bottom of the 6th over - 0 runs, 2 hits, 0 errors, 2 left on base; Carolina 1 - Ottawa 3
TOP OF THE 7TH
Carolina Catamounts batting - Pitching for Ottawa Lynx : RHP Mike Armstrong
Batting: RHB Ken Ransley 0-0: Ball
1-0: Fly out, F8 (Flyball, 8LM, EV 87.5 MPH)
Batting: RHB Leo Myers 0-0: Called Strike
0-1: Foul Ball, location: 9LSF
0-2: Ball
1-2: Foul Ball, location: 9LDF
1-2: Foul Ball, location: 5F
1-2: Ball
2-2: SINGLE (Groundball, 56D, EV 97.5 MPH)
Batting: LHB Juan Flores 0-0: Ball
1-0: Swinging Strike
1-1: Ball
2-1: Ball
3-1: Called Strike
3-2: TRIPLE (Line Drive, 78XD, EV 105.0 MPH)
Leo Myers scores
Batting: RHB José Romero 0-0: Swinging Strike
0-1: Ball
1-1: Called Strike
1-2: Foul Ball, location: 5F
1-2: Foul Ball, location: 5DF
1-2: Foul Ball, location: 2F
1-2: Ball
2-2: Ball
3-2: Strikes out swinging
Batting: RHB Mike Harrison 0-0: Ball
1-0: 2-RUN HOME RUN (Flyball, 89XD, EV 101.3 MPH), Distance : 396 ft
Batting: LHB Orlando Hernández 0-0: Ball
1-0: Reached on error, E1 (Groundball, P, EV 62.5 MPH)
Batting: RHB Dani Madrigal 0-0: Ball
Wild Pitch!
Orlando Hernández to third
1-0: 2-RUN HOME RUN (Flyball, 78XD, EV 110.0 MPH), Distance : 442 ft
Batting: LHB Jesús Cantú 0-0: Ball
1-0: Fly out, F5 (Popup, 5SF, EV 75.0 MPH)
Top of the 7th over - 5 runs, 4 hits, 1 error, 0 left on base; Carolina 6 - Ottawa 3
BOTTOM OF THE 7TH
Ottawa Lynx batting - Pitching for Carolina Catamounts : RHP Juan Vargas
Batting: LHB Bob Lester 0-0: Ball
1-0: DOUBLE (Line Drive, 5D, EV 106.3 MPH)
Batting: LHB Marc Richardson 0-0: Ball
1-0: Foul Ball, location: 23F
1-1: Called Strike
1-2: Ground out 4-3 (Groundball, 4, EV 93.1 MPH)
Bob Lester to third
Batting: LHB Sergio Martínez 0-0: Called Strike
0-1: Ball
1-1: Fly out, F7 (Flyball, 7, EV 87.5 MPH)
Batting: RHB Pat Harris 0-0: Ball
1-0: Ground out 4-3 (Groundball, 4, EV 96.9 MPH)
Bottom of the 7th over - 0 runs, 1 hit, 0 errors, 1 left on base; Carolina 6 - Ottawa 3
TOP OF THE 8TH
Carolina Catamounts batting - Pitching for Ottawa Lynx : RHP Mike Armstrong
Pitching: RHP Lonnie Cook
Batting: RHB Rex Boone 0-0: Foul Ball, location: 5SF
0-1: Foul Ball, location: 23F
0-2: Strikes out swinging
Batting: RHB Ken Ransley 0-0: Called Strike
0-1: Swinging Strike
0-2: Strikes out swinging
Batting: RHB Leo Myers 0-0: Ball
1-0: Foul Ball, location: 5FF
1-1: SOLO HOME RUN (Flyball, 78XD, EV 111.3 MPH), Distance : 444 ft
Batting: LHB Juan Flores 0-0: Ball
1-0: Called Strike
1-1: Fly out, F9 (Flyball, 89S, EV 85.6 MPH)
Top of the 8th over - 1 run, 1 hit, 0 errors, 0 left on base; Carolina 7 - Ottawa 3
BOTTOM OF THE 8TH
Ottawa Lynx batting - Pitching for Carolina Catamounts : RHP Juan Vargas
Batting: LHB Dan Chipman 0-0: Foul Ball, location: 2F
0-1: Called Strike
0-2: Ball
1-2: Strikes out swinging
Batting: LHB Ed Harris 0-0: Ball
1-0: Called Strike
1-1: SINGLE (Groundball, 34S, EV 62.5 MPH) (infield hit)
Pitching: RHP António Montoya
Batting: RHB Rikiya Honda 0-0: Foul Ball, location: 2F
0-1: Ball
1-1: Foul Ball, location: 25FF
1-2: Strikes out looking
Batting: LHB Mike Hyde 0-0: Ball
1-0: Called Strike
1-1: Ball
2-1: Foul Ball, location: 9LDF
2-2: Reached on error, E6 (Groundball, 6MS, EV 61.9 MPH)
Ed Harris to second
Batting: RHB Sam Campbell 0-0: Called Strike
0-1: Ball
1-1: Ball
2-1: Swinging Strike
2-2: Foul Ball, location: 9LMF
2-2: Strikes out swinging
Bottom of the 8th over - 0 runs, 1 hit, 1 error, 2 left on base; Carolina 7 - Ottawa 3
TOP OF THE 9TH
Carolina Catamounts batting - Pitching for Ottawa Lynx : RHP Lonnie Cook
Pinch Hitting: LHB Bailey Johnson 0-0: Foul Ball, location: 7LMF
0-1: Ball
1-1: Called Strike
1-2: Ground out U3 (Groundball, 34S, EV 92.5 MPH)
Batting: RHB Mike Harrison 0-0: Called Strike
0-1: Called Strike
0-2: Ball
1-2: Foul Ball, location: 2F
1-2: Strikes out swinging
Batting: LHB Orlando Hernández 0-0: Foul Ball, location: 23F
0-1: Foul Ball, location: 2F
0-2: Foul Ball, location: 25FF
0-2: Strikes out swinging
Top of the 9th over - 0 runs, 0 hits, 0 errors, 0 left on base; Carolina 7 - Ottawa 3
BOTTOM OF THE 9TH
Ottawa Lynx batting - Pitching for Carolina Catamounts : RHP António Montoya
Pitching: LHP Liam Dealey
Now at C: José Cordero
Pinch Hitting: RHB Bao-qing Wu 0-0: Called Strike
0-1: Ball
1-1: Ball
2-1: Ball
3-1: Foul Ball, location: 9LMF
3-2: Foul Ball, location: 2F
3-2: Ground out 5-3 (Groundball, 56S, EV 68.8 MPH)
Pinch Hitting: RHB Joe Smith 0-0: Ball
1-0: Ball
2-0: Ball
3-0: Called Strike
3-1: Foul Ball, location: 3SF
Wednesday, May 1st , 2024 - OOTP Baseball 24.10 Build 82